 Dungeon Crawl Stone Soup version 0.32-a0-711-g016ad743e0 (webtiles) character file.

Game seed: 2699632388869931945

129 ytrimaz the Covered (level 5, -7/41 HPs)
             Began as a Formicid Fighter on Mar 15, 2024.
             Mangled by a gnoll
             ... wielding a +0 halberd
              (14 damage)
             ... on level 2 of the Dungeon.
             The game lasted 00:00:53 (1449 turns).

ytrimaz the Covered (Formicid Fighter)              Turns: 1449, Time: 00:00:53

Health: -7/41      AC:  7    Str: 23    XL:     5   Next: 35%
Magic:  5/5        EV:  8    Int:  7    God:
Gold:   88         SH:  4    Dex: 13    Spells: 4/4 levels left

rFire   . . .        a - +0 war axe
rCold   . . .        c - +0 buckler
rNeg    . . .        b - +0 scale mail
rPois   .            (helmet unavailable)
rElec   .            (no cloak)
rCorr   .            (no gloves)
SInv    +            (no boots)
Will    .....        (no amulet) Stlth
                     (no ring)
HPRegen 0.26/turn    (no ring)
MPRegen 0.09/turn

%: no passive effects
@: no status effects
A: permanent stasis, dig shafts and tunnels, antennae 3, four strong arms
a: Dig, Shaft Self


You were on level 2 of the Dungeon.
You visited 1 branch of the dungeon, and saw 2 of its levels.

You collected 88 gold pieces.


Innate Abilities, Weirdness & Mutations

You cannot be hasted, slowed, berserked, paralysed or teleported.
You can dig through walls and to a lower floor.
You have a pair of large antennae on your head. (SInv)
Your four strong arms can wield two-handed weapons with a shield.


   Skills:
 - Level 3.2 Fighting
 + Level 3.9 Axes
 + Level 4.9 Armour
 - Level 4.0 Shields


You had 4 spell levels left.
You didn't know any spells.
Your spell library was empty.

Inventory:

Hand Weapons
 a - a +0 war axe (weapon)
Armour
 b - a +0 scale mail (worn)
 c - a +0 buckler (worn)
Scrolls
 e - a scroll of poison {unknown}
 f - a scroll of vulnerability {unknown}
 g - 6 scrolls of identify {unknown}
 h - a scroll of teleportation {unknown}
 i - a scroll of amnesia {unknown}
 k - a scroll of noise {unknown}
 m - a scroll of enchant armour {unknown}
 n - a scroll of brand weapon {unknown}
Potions
 d - a potion of enlightenment {unknown}
 j - a potion of heal wounds {unknown}
 l - a potion of berserk rage {unknown}
 o - a potion of might

Dungeon Overview and Level Annotations

Branches:
Dungeon (2/15) Zot: 10515

Altars:

Annotations:
D:2 Terence

##.....## ##.......##
#......>..####
##............#
#).........##.#
#.#.......###.#
#.##.....####.####
#.###............#.##
#.............@@....#
#
#..#####.#####†g...##
# #..# #.# .........
######## ##..#####.#
##.....##. ........
#.......#.# #.#.#.#
.####### #...###....
..#.#.# # #...# ..
....# # # #...# ....#
# #...# #######


You could see Terence and a gnoll.


Message History

No target in view!
No target in view!
Unknown command.
n - a scroll labelled BOLEMU RYREYZ
Found a stone staircase leading up.
Found a stone staircase leading down.
No target in view!
A rat comes into view.
The rat squeaks loudly.
The rat moves out of view.
No target in view!
No target in view!
A rat is nearby!
The rat bites you but does no damage.
You slash the rat!
You kill the rat!
No target in view!
Unknown command.
A goblin comes into view. It is wielding a +0 club.
The goblin shouts!
The goblin unwields a +0 club.
The goblin wields a +0 sling.
The goblin shoots a sling bullet.
The sling bullet hits you but does no damage.
You see here a potion of might.
A goblin is nearby!
A goblin is nearby!
The goblin shoots a sling bullet.
The sling bullet hits you but does no damage.
The goblin shoots a sling bullet.
The sling bullet hits you but does no damage.
The goblin shoots a sling bullet.
The sling bullet hits you. 😕 HP[-1]
You take 1 damage, and now have 40/41 hp.
The goblin shoots a sling bullet.
The sling bullet barely misses you.
Found a stone staircase leading down.
The goblin unwields a +0 sling.
The goblin wields a +0 club.
The goblin hits you but does no damage. 😎 HP[+1]
Your hp is fully restored (41).
You slash the goblin!
You kill the goblin!
Unknown command.
No target in view!
Things that are here:
a +0 club; a +0 sling; a goblin corpse
o - a potion of might You sense a monster nearby.
You sense a monster nearby.
Terence and a gnoll come into view.
Terence shouts!
The gnoll shouts!
Terence asks, "Do you want it fast or slow?"
An endoplasm comes into view.
Terence hits you with a +0 short sword.
The gnoll hits you from afar with a +0 halberd. 😕 HP[-5]
You take 5 damage, and now have 36/41 hp.
You barely miss Terence. Terence hits you with a +0 short sword.
The gnoll hits you from afar with a +0 halberd! 😮 HP[-9]
You take 9 damage, and now have 27/41 hp.
MASSIVE DAMAGE!! (PAUSE)
You slash Terence! You hit the endoplasm.
A bat comes into view.
Terence hits you with a +0 short sword. The endoplasm barely misses you.
The gnoll hits you from afar with a +0 halberd.
The bat moves out of view. 😮 HP[-3]
You take 3 damage, and now have 24/41 hp.
Unknown command.
Terence hits you but does no damage.
The endoplasm hits you but does no damage.
The gnoll barely misses you. 😮 HP[+1] Unknown command.
You closely miss the gnoll. You hit the endoplasm. You closely miss Terence.
Terence barely misses you. The gnoll closely misses you.
The endoplasm hits you but does no damage.
The bat barely misses you. Terence hits you but does no damage.
The gnoll hits you with a +0 halberd.
* * * LOW HITPOINT WARNING * * *
The endoplasm closely misses you. 😨 HP[-6]
You take 6 damage, and now have 19/41 hp.
You hit the gnoll. You slash the endoplasm!
You kill the endoplasm!
You barely miss Terence. You hit the bat.
You kill the bat!
Terence hits you with a +0 short sword.
* * * LOW HITPOINT WARNING * * *
The gnoll hits you with a +0 halberd!
* * * LOW HITPOINT WARNING * * *
Unknown command. 😱 HP[-12]
You take 12 damage, and now have 7/41 hp.
MASSIVE DAMAGE!! (PAUSE) Unknown command.
You hit Terence. You barely miss the gnoll.
Terence hits you with a +0 short sword.
* * * LOW HITPOINT WARNING * * *
The gnoll hits you with a +0 halberd!
You die...

Skill      XL: |  1  2 |
---------------+-------+-----
Axes           | 3 |  3.9
Armour         | 4 |  4.9
Fighting       | |  3.2
Shields        | |  4.0

Action                     |  1- 3 |  4- 6 || total
---------------------------+-------+-------++-------
  Melee: War axe           |    36 |    48 ||    84
    Use: Potion            |     1 |       ||     1
 Armour: Scale mail        |    25 |    58 ||    83
  Dodge: Dodged            |    17 |    39 ||    56
  Block: Buckler           |    14 |    16 ||    30

Levels and vault maps discovered:
D:1:      ebering_trefoil_twist, layout_basic,
          hellmonk_ecumenical_altar_leap_of_faith,
          nicolae_houndstooth_variations
D:2:      layout_loops_ring, uniq_terence

Notes
Turn   | Place    | Note
-------+----------+-------------------------------------------
     0 | D:1      | ytrimaz the Formicid Fighter began the quest for the Orb.
     0 | D:1      | Reached XP level 1. HP: 18/18 MP: 1/1
     0 | D:1      | magus.rc [v1.9.6]
   324 | D:1      | Reached XP level 2. HP: 22/24 MP: 2/2
   580 | D:1      | Found a faded altar of an unknown god.
   948 | D:2      | Noticed a scorpion
   954 | D:2      | Killed a scorpion
   955 | D:2      | Reached skill level 3 in Axes
   955 | D:2      | Reached skill level 4 in Armour
   955 | D:2      | Reached XP level 3. HP: 26/29 MP: 3/3
   955 | D:2      | Reached XP level 4. HP: 31/35 MP: 4/4
  1096 | D:2      | Reached XP level 5. HP: 41/41 MP: 5/5
  1441 | D:2      | Noticed Terence
  1448 | D:2      | HP: 7/41 [gnoll/+0 halberd (9)]
  1449 | D:2      | Mangled by a gnoll

Vanquished Creatures
  A scorpion (D:2)
  2 gnolls (D:2)
  An adder (D:2)
  A dart slug (D:2)
  A ribbon worm (D:2)
  6 bats (D:2)
  7 endoplasms
  4 giant cockroaches
  2 goblins
  A hobgoblin (D:2)
  2 kobolds
  2 quokkas (D:1)
  A frilled lizard (D:2)
  2 rats
33 creatures vanquished.

Table legend:
 A = Non-vault XP
 B = Vault XP
 C = Vault XP percentage of total XP
 D = Non-vault monster count
 E = Vault monster count
 F = Vault count percentage of total count
                 A         B        C        D         E       F
            +---------+---------+-------+---------+---------+-------
      Total |     185 |       0 |   0.0 |      33 |       0 |   0.0
            +---------+---------+-------+---------+---------+-------
        D:1 |      17 |       0 |   0.0 |       9 |       0 |   0.0
        D:2 |     168 |       0 |   0.0 |      24 |       0 |   0.0
            +---------+---------+-------+---------+---------+-------

Skill      XL: |  1  2 |
---------------+-------+-----
Axes           | 3 |  3.9
Armour         | 4 |  4.9
Fighting       | |  3.2
Shields        | |  4.0

Action                     |  1- 3 |  4- 6 || total
---------------------------+-------+-------++-------
  Melee: War axe           |    36 |    48 ||    84
    Use: Potion            |     1 |       ||     1
 Armour: Scale mail        |    25 |    58 ||    83
  Dodge: Dodged            |    17 |    39 ||    56
  Block: Buckler           |    14 |    16 ||    30

Illustrated notes

Table legend:
 A = Kills in this place as a percentage of kills in the entire game.
 B = Kills by you in this place as a percentage of kills by you in the entire game.
 C = Kills by friends in this place as a percentage of kills by friends in the entire game.
 D = Other kills in this place as a percentage of other kills in the entire game.
 E = Experience gained in this place as a percentage of experience gained in the entire game.
 F = Experience gained in this place divided by the number of levels of this place that you have seen.
                   A       B       C       D       E      F
               +-------+-------+-------+-------+-------+----------------------
         Total | 100.0 | 100.0 |   N/A |   N/A | 100.0 |  92.5
       Dungeon | 100.0 | 100.0 |   N/A |   N/A | 100.0 |  92.5
               +-------+-------+-------+-------+-------+----------------------

Table legend: (Time is in decaauts)
 A = Elapsed time spent in this place.
 B = Non-inter-level travel time spent in this place.
 C = Inter-level travel time spent in this place.
 D = Time resting spent in this place.
 E = Time spent auto-exploring this place.
 F = Levels seen in this place.
 G = Mean time per level.
                   A        B        C        D        E       F      G
               +--------+--------+--------+--------+--------+-----+--------+
         Total |   1483 |   1458 |     25 |      0 |   1199 |   2 |  741.5 |
       Dungeon |   1483 |   1458 |     25 |      0 |   1199 |   2 |  741.5 |
               +--------+--------+--------+--------+--------+-----+--------+

Top non-repeatable levels by time:
     D:1: 963 daAuts
     D:2: 519 daAuts
